 Dungeon Sprint DCSS version 0.19-a0-1908-g43c011f (webtiles) character file.

48 esc the Sneak (level 3, 0/18 HPs)
             Began as a Spriggan Enchanter on Oct 22, 2016.
             Slain by a worker ant (7 damage)
             ... in the Dungeon (Sprint II: "The Violet Keep of Menkaure").
             The game lasted 00:01:22 (312 turns).

esc the Sneak (Spriggan Enchanter)                   Turns: 312, Time: 00:01:23

Health: 0/18       AC:  3    Str:  4    XL:     3   Next: 50%
Magic:  0/9        EV: 20    Int: 17    God:
Gold:   0          SH:  0    Dex: 16    Spells: 2 memorised, 7 levels left

rFire  . . .     SeeInvis +     a - +1 dagger
rCold  . . .     Gourm    .     b - +1 robe
rNeg   . . .     Faith    .     (shield restricted)
rPois  .         Spirit   .     (helmet restricted)
rElec  .         Reflect  .     (no cloak)
rCorr  .         Harm     .     (gloves unavailable)
MR     .....     NoTele   +     (boots unavailable)
Stlth  +++.......               (no amulet)
                                (no ring)
                                (no ring)

@: very quick
A: unfitting armour, see invisible, herbivore 3, speed 3, slow metabolism 2
a: no special abilities


You were in the Dungeon.
You were not hungry.

You visited 1 branch

Inventory:

Hand Weapons
 a - a +1 dagger (weapon)
Armour
 b - a +1 robe (worn)
Scrolls
 j - a scroll of blinking {!r}
Potions
 f - a potion of heal wounds
 g - a potion of haste
 h - 2 potions of magic
 i - a potion of berserk rage {!q}
Books
 c - a book of Maledictions
Comestibles
 d - a bread ration {@e1}


   Skills:
 + Level 2.1 Fighting
 + Level 3.1 Short Blades
 + Level 4.9 Dodging
 + Level 6.3 Stealth
 + Level 4.2 Spellcasting
 + Level 5.0 Hexes


You had 7 spell levels left.
You knew the following spells:

 Your Spells              Type           Power        Failure   Level  Hunger
a - Ensorcelled Hibernat  Hex/Ice        ##....       10%         2    ##.....
v - Corona                Hex            ###....      1%          1    None


Dungeon Overview and Level Annotations

Branches:
Dungeon (1/1)

Altars:


Innate Abilities, Weirdness & Mutations

You are very small and have problems with some larger weapons.
You are too small for most types of armour.
You have supernaturally acute eyesight. (SInv)
You are a herbivore.
You cover ground extremely quickly.
You need consume almost no food.


Message History

You hit the worker ant. The worker ant bites you.
You take 1 damage, and have 8/9 hp.
You barely miss the worker ant.
The worker ant bites you but does no damage.
You hit the worker ant but do no damage.
The worker ant completely misses you. The worker ant misses you.
You closely miss the worker ant. The worker ant barely misses you.
You hit the worker ant.
You kill the worker ant!
Your Fighting skill increases to level 1!
Your Short Blades skill increases to level 2!
Your Dodging skill increases to level 4!
Your Stealth skill increases to level 5!
Your Spellcasting skill increases to level 3!
Your Hexes skill increases to level 4!
You have reached level 2!
You regained 5 hp, and now have 13/14 hp.
Aim: a worker ant (chance to defeat MR: 63%)
The worker ant is outlined in light.
The worker ant closely misses you.
You now have 4/7 mp.
You closely miss the worker ant. The worker ant completely misses you.
You hit the worker ant but do no damage.
The worker ant bites you.
You take 4 damage, and have 9/14 hp.
MASSIVE DAMAGE!!
You hit the worker ant but do no damage.
The worker ant misses you. The worker ant closely misses you.
You hit the worker ant but do no damage.
The worker ant barely misses you.
You hit the worker ant but do no damage.
The worker ant bites you.
* * * LOW HITPOINT WARNING * * *
You take 6 damage, and have 3/14 hp.
MASSIVE DAMAGE!!
You close the door.
You start resting.
The walls and floor vibrate strangely for a moment.
You regained 10 hp, and now have 13/14 hp.
MP restored: 7 Memorise Ensorcelled Hibernation, consuming 2 spell levels and leaving 5?
You start memorising the spell.
You continue memorising. x2
You finish memorising.
Spell assigned to 'a'.
You start resting.
Health restored: 14 You open the door.
There is an open door, spattered with blood here.
You see here 243 gold pieces.
There is an open door, spattered with blood here.
The worker ant barely misses you.
Aim: a worker ant (chance to defeat MR: 50%)
The worker ant resists with some effort.
The worker ant twitches its antennae in your direction.
The worker ant misses you.
You now have 5/7 mp.
Aim: a worker ant (chance to defeat MR: 50%)
The worker ant resists with some effort.
The worker ant completely misses you.
You now have 3/7 mp.
Unknown command.
Aim: a worker ant (chance to defeat MR: 50%)
The worker ant resists with some effort.
The worker ant closely misses you.
You now have 1/7 mp.
Unknown command.
The worker ant completely misses you. The worker ant barely misses you.
The worker ant misses you. The worker ant bites you. The worker ant misses you.
You take 4 damage, and have 10/14 hp.
MASSIVE DAMAGE!!
The worker ant closely misses you. The worker ant bites you.
You take 5 damage, and have 5/14 hp.
MASSIVE DAMAGE!!
There is an open door, spattered with blood here.
Aim: a worker ant (chance to defeat MR: 50%)
The worker ant looks drowsy...
The worker ant twitches its antennae in your direction.
You now have 0/7 mp.
The helpless worker ant fails to defend itself.
You impale the worker ant!!
You kill the worker ant!
Your Fighting skill increases to level 2!
Your Short Blades skill increases to level 3!
Your Stealth skill increases to level 6!
Your Spellcasting skill increases to level 4!
Your Hexes skill increases to level 5!
You have reached level 3!
Your experience leads to an increase in your attributes!
Increase (S)trength, (I)ntelligence, or (D)exterity?
You feel clever.
You regained 2 hp, and now have 7/18 hp.
Unknown command.
Unknown command.
You hit the worker ant but do no damage.
The worker ant bites you but does no damage.
The worker ant misses you.
You hit the worker ant but do no damage.
The worker ant bites you!
You die...

## ##
H# #H #
.#$ #3
#+#
#.##.##
#+.<.+
###a##
#@# #a#
#..#..#
##. .##
## ##


You could see 2 worker ants.

Vanquished Creatures
  2 worker ants (D)
2 creatures vanquished.

Vanquished Creatures (others)
  Menkaure (D)
  A crocodile (D)
2 creatures vanquished.

Grand Total: 4 creatures vanquished

Notes
Turn   | Place    | Note
-------+----------+-------------------------------------------
     0 | D        | esc the Spriggan Enchanter began the quest for the Orb.
     0 | D        | Reached XP level 1. HP: 9/9 MP: 5/5
     1 | D        | Noticed a hippogriff
     1 | D        | Noticed a hippogriff
     4 | D        | Noticed a neqoxec
     7 | D        | Noticed a worker ant
     7 | D        | Noticed a worker ant
     9 | D        | Noticed a worker ant
     9 | D        | Noticed a worker ant
    12 | D        | HP: 2/9 [poisoned by a worker ant]
    22 | D        | Killed a worker ant
    22 | D        | Reached skill level 1 in Fighting
    22 | D        | Reached skill level 2 in Short Blades
    22 | D        | Reached skill level 4 in Dodging
    22 | D        | Reached skill level 5 in Stealth
    22 | D        | Reached skill level 3 in Spellcasting
    22 | D        | Reached skill level 4 in Hexes
    22 | D        | Reached XP level 2. HP: 13/14 MP: 5/7
    28 | D        | HP: 3/14 [worker ant (6)]
    70 | D        | Killed a crocodile
   101 | D        | Killed Menkaure
   269 | D        | Learned a level 2 spell: Ensorcelled Hibernation
   310 | D        | Reached skill level 2 in Fighting
   310 | D        | Reached skill level 3 in Short Blades
   310 | D        | Reached skill level 6 in Stealth
   310 | D        | Reached skill level 4 in Spellcasting
   310 | D        | Reached skill level 5 in Hexes
   310 | D        | Reached XP level 3. HP: 7/18 MP: 0/9
   312 | D        | Slain by a worker ant

Vault maps used:
D:        the_violet_keep_of_menkaure

Skill      XL: |  1  2 |
---------------+-------+-----
Fighting       | 1 2 |  2.1
Short Blades   | 2 3 |  3.1
Dodging        | 4 |  4.9
Stealth        | 5 6 |  6.3
Spellcasting   | 3 4 |  4.2
Hexes          | 4 5 |  5.0

Action                   || total
-------------------------++-------
Melee: Dagger            ||    19
 Cast: Ensorcelled Hiber ||     4
       Corona            ||     1
  Use: Potion            ||     1
 Stab: Sleeping          ||     2
Armor: Robe              ||     2
Dodge: Dodged            ||    29

Vault maps used:
D:        the_violet_keep_of_menkaure

Table legend:
 A = Turns spent in this place as a percentage of turns spent in the entire game.
 B = Non-inter-level travel turns spent in this place as a percentage of non-inter-level travel turns spent in the entire game.
 C = Inter-level travel turns spent in this place as a percentage of turns spent in this place.
 D = Turns resting spent in this place as a percentage of non-inter-level travel turns spent in this place.
 E = Turns spent auto-exploring this place as a percentage of non-inter-level travel turns spent in this place.
 F = Non-inter-level travel turns spent in this place divided by the number of levels of this place that you've seen.
                   A       B       C       D       E      F
               +-------+-------+-------+-------+-------+----------------------
         Total | 100.0 | 100.0 |   0.0 |   6.5 |   0.0 |  62.0
       Dungeon | 100.0 | 100.0 |   0.0 |   6.5 |   0.0 |  62.0
               +-------+-------+-------+-------+-------+----------------------

Table legend:
 A = Kills in this place as a percentage of kills in entire the game.
 B = Kills by you in this place as a percentage of kills by you in the entire game.
 C = Kills by friends in this place as a percentage of kills by friends in the entire game.
 D = Other kills in this place as a percentage of other kills in the entire game.
 E = Experience gained in this place as a percentage of experience gained in the entire game.
 F = Experience gained in this place divided by the number of levels of this place that you have seen.
                   A       B       C       D       E      F
               +-------+-------+-------+-------+-------+----------------------
         Total | 100.0 | 100.0 |  -nan |  -nan | 100.0 |  69.0
       Dungeon | 100.0 | 100.0 |  -nan |  -nan | 100.0 |  69.0
               +-------+-------+-------+-------+-------+----------------------
